 Dungeon Crawl Stone Soup version 0.15-a0-1880-g53e602b (webtiles) character file.

91 Kenran the Ruffian (level 4, -5/28 HPs)
             Began as a Gargoyle Monk on July 5, 2014.
             Slain by a gnoll
             ... wielding a +0 halberd
              (7 damage)
             ... on Level 2 of the Dungeon.
             The game lasted 00:08:22 (2577 turns).

Kenran the Ruffian (Gargoyle Monk)                  Turns: 2577, Time: 00:08:22

HP  -5/28        AC  9     Str 15      XL: 4   Next: 59%
MP   4/4         EV 11     Int 11      God:
Gold 77          SH  0     Dex 12      Spells:  0 memorised,  3 levels left

rFire  . . .     SeeInvis .       - Unarmed
rCold  . . .     Clarity  .     j - +1 leather armour
rNeg   + . .     rCorr    .     (no shield)
rPois  +         rRot     +     l - +0 helmet
rElec  +         Spirit   .     h - +0 cloak
SustAb .         Warding  .     (no gloves)
rMut   .         Stasis   .     (no boots)
Gourm  .                        (no amulet)
MR     .....                    (no ring)
                                (no ring)

@: not resistant to hostile enchantments, unstealthy
A: negative energy resistance 1, electricity resistance, unbreathing,
petrification resistance, rot immunity, AC +3
a: no special abilities


You were on level 2 of the Dungeon.
You were not hungry.

You visited 1 branch of the dungeon, and saw 3 of its levels.

You collected 77 gold pieces.

Inventory:

Armour
 h - a +0 cloak (worn)
 j - a +1 leather armour (worn)
 l - a +0 helmet (worn)
Comestibles
 b - 2 bread rations
Scrolls
 c - a scroll of remove curse
 d - 5 scrolls of identify
 f - 2 scrolls of fear
Potions
 g - 2 potions of curing
 i - 2 potions of confusion {unknown}


   Skills:
 - Level 3.2 Fighting
 - Level 2.4 Dodging
 - Level 2.1 Stealth
 + Level 5.9 Unarmed Combat


You had 3 spell levels left.
You didn't know any spells.

Dungeon Overview and Level Annotations

Branches:
Dungeon (3/15)

Altars:
Fedhas
Sif Muna


Innate Abilities, Weirdness & Mutations

You are resistant to torment.
You are immune to poison.
Your stone body is very resilient (AC +3).
You resist negative energy.
You are resistant to electric shocks.
You can survive without breathing.
You are immune to petrification.
You are immune to rotting.


Message History

You hit the gnoll but do no damage. You hit the gnoll.
The gnoll is lightly wounded.
The gnoll completely misses you.
You hit the gnoll.
The gnoll is moderately wounded.
The gnoll hits you but does no damage.
You hit the gnoll.
The gnoll is heavily wounded.
The gnoll hits you with a halberd!
You closely miss the gnoll.
The gnoll is heavily wounded.
You hit the gnoll.
The gnoll is severely wounded.
The gnoll hits you with a halberd!
* * * LOW HITPOINT WARNING * * *
You barely miss the gnoll.
The gnoll is severely wounded.
The gnoll hits you with a halberd!
You die...

#.........................#
####.#####.#.........######%.#
...#.# #.#.........# #..# ...#.#
#.+.........# #..#### ...#.#
#.#...[.....# #...... ...#.#
#.#.........# #..###.
...#.#####.....##'#########..###.
...............g..#..............
#...............@.#.#######..###.
#.##.#####............#####..###.
#.##.#####.....................'.
.........#..#####.#.#.######.###.
#.#......#............# #.# #.
#.#......#..#####.#.#.# #.# #.
#.#......#..#######.#.######.# ##
..###.....>................#.#
..# #######...........####.#.#


You could see a gnoll.

Vanquished Creatures
  Jessica (D:2)
  An adder (D:2)
  A gnoll (D:2)
  A giant mite (D:2)
  A worm (D:2)
  A giant gecko (D:2)
  An ooze (D:2)
  A ball python (D:2)
  A hobgoblin (D:1)
  4 kobolds
  A quokka (D:2)
  7 bats
  4 giant newts
  6 goblins
  6 jackals (D:1)
  8 rats
45 creatures vanquished.

Notes
Turn   | Place    | Note
--------------------------------------------------------------
     0 | D:1      | Kenran, the Gargoyle Monk, began the quest for the Orb.
     0 | D:1      | Reached XP level 1. HP: 14/14 MP: 1/1
   489 | D:1      | Reached XP level 2. HP: 16/19 MP: 2/2
  1178 | D:2      | Reached XP level 3. HP: 23/23 MP: 3/3
  1228 | D:2      | Reached skill level 5 in Unarmed Combat
  1420 | D:2      | Found a deep blue altar of Sif Muna.
  1420 | D:2      | Found a blossoming altar of Fedhas.
  1656 | D:2      | Found a deep blue altar of Sif Muna.
  2023 | D:2      | Reached XP level 4. HP: 28/28 MP: 4/4
  2300 | D:2      | Noticed Jessica
  2312 | D:2      | Killed Jessica
  2577 | D:2      | Slain by a gnoll

Action                   |  1- 3 |  4- 6 || total
-------------------------+-------+-------++-------
Melee: Unarmed           |   137 |    43 ||   180
  Use: Scroll            |     6 |     2 ||     8
       Potion            |     1 |       ||     1
 Stab: Sleeping          |     1 |       ||     1
